 Dungeon Crawl Stone Soup version 0.32-a0-909-gc671339a80 (webtiles) character file.

Game seed: 491277911322530461

7786 Twinkles the Grappler (level 11, 0/120 HPs)
             Began as an Octopode Berserker on Apr 6, 2024.
             Was an Elder of Trog.
             Slain by a komodo dragon (30 damage)
             ... on level 10 of the Dungeon.
             The game lasted 00:33:04 (9704 turns).

Twinkles the Grappler (Octopode Berserker)          Turns: 9704, Time: 00:33:05

Health: 0/120      AC:  7    Str: 21    XL:     11   Next: 20%
Magic:  11/11      EV: 20    Int:  9    God:    Trog [****..]
Gold:   453        SH:  0    Dex: 12    Spells: 10/10 levels left

rFire   + .          .
                       - Unarmed
rCold   . . .        (no shield)
rNeg    . . .        b - +2 hat
rPois   .            p - amulet of the acrobat
rElec   .            c - ring of flight
rCorr   .            C - +4 ring of protection
SInv    .            n - ring of protection from fire
Will    .....        v - +5 ring of evasion Stlth
                     (no ring)
HPRegen 0.40/turn    (no ring)
MPRegen 0.12/turn    (no ring)
                     (no ring)

%: acrobat
@: berserking, flying, very quick
A: almost no armour, amphibious, 8 rings, camouflage 1, gelatinous body 1,
(nimble swimmer 1), tentacles
a: Renounce Religion, Berserk, Trog's Hand, Brothers in Arms


You were on level 10 of the Dungeon.
You worshipped Trog.
Trog was greatly pleased with you.
You visited 1 branch of the dungeon, and saw 10 of its levels.
You also visited: Sewer and Ossuary.

You collected 453 gold pieces.

Inventory:

Hand Weapons
 O - a +0 scimitar
Missiles
 o - 9 poisoned darts (quivered)
 s - 15 boomerangs
 z - 7 curare-tipped darts
 M - a throwing net
Armour
 b - a +2 hat (worn)
Jewellery
 c - a ring of flight (left tentacle)
 n - a ring of protection from fire (on tentacle)
 p - an amulet of the acrobat (around mantle)
 v - a +5 ring of evasion (on tentacle)
 C - a +4 ring of protection (right tentacle)
Talismans
 a - a beast talisman
 D - a blade talisman
Wands
 j - a wand of polymorph (7)
 q - a wand of flame (4)
 A - a wand of roots (25)
Scrolls
 d - 3 scrolls of butterflies {unknown}
 e - 5 scrolls of teleportation {unknown}
 f - 2 scrolls of enchant weapon {unknown}
 g - a scroll of noise {unknown}
 l - 2 scrolls of enchant armour {unknown}
 r - a scroll of fear {unknown}
 t - a scroll of amnesia {unknown}
 w - 2 scrolls of brand weapon {unknown}
 x - a scroll of revelation {unknown}
 y - a scroll of silence {unknown}
 B - 3 scrolls of immolation {unknown}
 F - 3 scrolls of fog
 Z - a scroll of identify
Potions
 h - a potion of attraction {unknown}
 i - 2 potions of cancellation {unknown}
 k - 3 potions of enlightenment
 m - 2 potions of berserk rage {unknown}
 u - a potion of magic {unknown}
 E - 2 potions of brilliance {unknown}
 G - 3 potions of ambrosia
 H - 4 potions of haste
 I - 2 potions of invisibility
 J - 9 potions of curing
 K - 2 potions of resistance {unknown}
 L - a potion of degeneration {unknown}
 N - 7 potions of heal wounds
 P - 6 potions of lignification
 U - 2 potions of mutation


   Skills:
 + Level 9.3 Fighting
 + Level 9.2 Dodging
 - Level 6.0 Stealth
 + Level 9.3 Unarmed Combat
 + Level 6.0 Shapeshifting


You had 10 spell levels left.
You didn't know any spells.
Your spell library was empty.

Dungeon Overview and Level Annotations

Branches:
Dungeon (10/15) Zot: 26339  Temple (0/1) D:7            Lair (0/5) D:9
  Sewer (visited)         Ossuary (visited)
    Orc: D:9-12

Altars:
Ashenzari
Cheibriados
Dithmenos

Annotations:
D:3 1 runed translucent door, Crazy Yiuf
D:7 exclusion: 3 killer bees
D:10 exclusions: komodo dragon and two-headed ogre


Innate Abilities, Weirdness & Mutations

You cannot wear most types of armour.
You are amphibious.
You can wear up to eight rings at the same time.
Your skin changes colour to match your surroundings (Stealth+).
Your rubbery body absorbs attacks. (AC +1, EV +1)
((You are camouflaged when in or above water. (Stealth+)))
You have tentacles for arms and can constrict up to eight enemies at once.


Message History

You constrict the gargoyle. The gargoyle misses you.
You tentacle-slap the gargoyle but do no damage.
The gargoyle is severely damaged.
You constrict the gargoyle, but do no damage.
You tentacle-slap the gargoyle but do no damage.
You tentacle-slap the gargoyle, but do no damage.
The gargoyle is severely damaged.
You constrict the gargoyle, but do no damage.
The gargoyle hurls a stone arrow at you.
The stone arrow hits you!
You tentacle-slap the gargoyle.
The gargoyle is almost destroyed.
You constrict the gargoyle, but do no damage.
The gargoyle hits you with a +0 mace!!
You tentacle-slap the gargoyle.
You destroy the gargoyle!
Trog accepts your kill.
Unknown command.
A komodo dragon comes into view.
Okay, then.
Unknown command.
You see here a +2 plate armour of willpower.
No target in view!
The komodo dragon completely misses you.
You bludgeon the komodo dragon!
You squeeze the komodo dragon, but do no damage.
The komodo dragon is moderately wounded.
The komodo dragon bites you.
You bludgeon the komodo dragon!
The komodo dragon is heavily wounded.
The komodo dragon bites you!!
You are too injured to fight recklessly!
You are too injured to fight recklessly!
You tentacle-slap the komodo dragon but do no damage.
The komodo dragon is heavily wounded.
The komodo dragon bites you!!
* * * LOW HITPOINT WARNING * * *
A red film seems to cover your vision as you go berserk!
You feel yourself moving faster!
You feel mighty! The komodo dragon bites you!!
You die...

#. #...###รท#
#.#############.#
#...........[...#
#..........##'###
#
##.......####..#
## #...)..###
....# #. #.....##
.....# +.
##.....# ....#..#
#. #....@##
..###..# ##
#..(.l# .# #..# #
#......#
(..(...## (......
# ....... #
......# # ....##
# #


You could see a komodo dragon.

Vanquished Creatures
  A two-headed ogre (D:9)
  An elephant (D:9)
  A gargoyle (D:10)
  2 komodo dragons
  A hornet (D:10)
  2 wyverns
  3 wraiths
  7 yaks
  A steam dragon (D:8)
  An acid dragon (D:10)
  3 orc warriors
  A black bear (D:7)
  2 ice beasts
  A sky beast (D:9)
  4 ogres
  A crocodile (Sewer)
  5 centaurs
  4 kobold brigands
  An elf zombie (Ossuary)
  3 bullfrogs
  A gnoll sergeant (D:9)
  3 scorpions
  3 wights (D:8)
  9 killer bees
  2 howler monkeys
  5 hounds
  A centaur zombie (Ossuary)
  4 orc priests
  A human zombie (Ossuary)
  3 jellies
  Jessica (D:3)
  4 iguanas
  6 orc wizards
  5 hound zombies (Ossuary)
  A mummy (Ossuary)
  8 gnolls
  An adder (Sewer)
  2 white imps
  An adder zombie (Ossuary)
  A ribbon worm (D:3)
  A dart slug (D:4)
  38 orcs
  3 bats
  7 endoplasms
  5 giant cockroaches
  6 hobgoblins
  3 jackals (D:1)
  3 quokkas
  10 ball pythons
  4 frilled lizards
  4 gnoll zombies (Ossuary)
  2 goblins
  4 jackal zombies (Ossuary)
  14 kobolds
  4 kobold zombies (Ossuary)
  6 orc zombies (Ossuary)
  9 rats
230 creatures vanquished.

Notes
Turn   | Place    | Note
-------+----------+-------------------------------------------
     0 | D:1      | Twinkles the Octopode Berserker began the quest for the
                  | Orb.
     0 | D:1      | Reached XP level 1. HP: 16/16 MP: 1/1
   172 | D:1      | Reached XP level 2. HP: 21/21 MP: 2/2
  1131 | D:2      | Reached XP level 3. HP: 26/26 MP: 3/3
  1256 | D:2      | Reached ** piety under Trog
  1872 | D:3      | Noticed Jessica
  1877 | D:3      | Killed Jessica
  1878 | D:3      | Reached XP level 4. HP: 32/33 MP: 4/4
  2233 | D:3      | Found a snail-covered altar of Cheibriados.
  2325 | D:3      | Found a runed translucent door.
  2326 | D:3      | Noticed Crazy Yiuf
  2719 | D:4      | Noticed an ogre
  2731 | D:4      | Killed an ogre
  2732 | D:4      | Reached skill level 1 in Stealth
  2732 | D:4      | Reached XP level 5. HP: 37/37 MP: 5/5
  2881 | D:4      | Found a broken altar of Ashenzari.
  2881 | D:4      | Found a shadowy altar of Dithmenos.
  2881 | D:4      | Noticed an ogre
  2889 | D:4      | Killed an ogre
  2890 | D:4      | Reached XP level 6. HP: 36/44 MP: 6/6
  3116 | D:4      | Noticed an ice beast
  3133 | D:4      | Killed an ice beast
  3249 | D:5      | Entered Level 5 of the Dungeon
  3349 | D:5      | Found a sand-covered staircase.
  3354 | Ossuary  | Entered an ossuary
  3363 | Ossuary  | Reached XP level 7. HP: 49/49 MP: 7/7
  3431 | Ossuary  | Reached *** piety under Trog
  3496 | Ossuary  | Reached skill level 5 in Fighting
  3512 | Ossuary  | Reached skill level 5 in Dodging
  3512 | Ossuary  | Reached skill level 5 in Unarmed Combat
  3668 | D:5      | Reached skill level 5 in Stealth
  3669 | D:5      | Reached XP level 8. HP: 56/56 MP: 8/8
  3837 | D:5      | Found a glowing drain.
  3845 | Sewer    | Entered a sewer
  4284 | D:5      | Reached **** piety under Trog
  5026 | D:6      | Reached skill level 1 in Shapeshifting
  5587 | D:7      | Found a staircase to the Ecumenical Temple.
  5649 | D:7      | Reached XP level 9. HP: 53/63 MP: 9/9
  7211 | D:9      | Noticed a two-headed ogre
  7627 | D:8      | Reached XP level 10. HP: 69/72 MP: 10/10
  8017 | D:9      | Noticed an elephant
  8257 | D:9      | Killed an elephant
  8377 | D:9      | Killed a two-headed ogre
  8378 | D:9      | Reached skill level 5 in Shapeshifting
  8833 | D:9      | Found a staircase to the Lair.
  8840 | D:9      | HP: 30/109 [komodo dragon (11)]
  9058 | D:10     | Entered Level 10 of the Dungeon
  9113 | D:10     | Noticed a two-headed ogre
  9212 | D:10     | Reached XP level 11. HP: 80/80 MP: 11/11
  9703 | D:10     | HP: 20/80 [komodo dragon (28)]
  9704 | D:10     | Slain by a komodo dragon

Illustrated notes

Levels and vault maps discovered:
D:1:      evilmike_arrival_hilbert_curve, layout_loops_ring
D:2:      layout_basic
D:3:      layout_basic, cheibriados_altar_1, dk_vineyard_1, minmay_misc_feat_x,
          chequers_mini_garden, minmay_ruptured, uniq_crazy_yiuf_cottage,
          uniq_jessica
D:4:      layout_cave_pools, amethyst_overflow_temple_binary
D:5:      layout_basic, lightli_ossuary_entry_decrepit_ruins,
          portal_sewer_entry_f, minmay_misc_feat_rugged
D:6:      layout_basic, serial_library_regret_index_split_case, chequers_garden
D:7:      layout_rooms, minmay_temple_entry_sparse_star
D:8:      layout_loops_corners
D:9:      layout_cave_pools, grunt_lair_entry_orc_guard_hut,
          kennysheep_generic_room_5
D:10:     minmay_quarter_circles, layout_loops_corners, nicolae_rejected_hall,
          uniq_joseph, uniq_maggie, uniq_gastronok

Skill      XL: |  1  2  3  4  5  6  7  8  9 10 11 |
---------------+----------------------------------+-----
Fighting       | 4 5 6 7 9 |  9.3
Dodging        | 4 5 6 7 8 9 |  9.2
Stealth        | 1 2 3 5 6 |  6.0
Unarmed Combat | 4 5 6 7 9 |  9.3
Shapeshifting  | 1 3 5 6 |  6.0

Action                     |  1- 3 |  4- 6 |  7- 9 | 10-12 || total
---------------------------+-------+-------+-------+-------++-------
  Melee: Unarmed           |    56 |    68 |   321 |   162 ||   607
         Constrict         |    19 |    19 |    66 |    16 ||   120
         Tentacles         |     5 |    15 |    78 |    36 ||   134
         Punch             |     3 |     3 |    18 |    11 ||    35
  Throw: Dart              |       |     6 |    19 |    23 ||    48
         Boomerang         |       |       |     1 |     5 ||     6
 Invoke: Berserk           |       |     2 |     4 |     7 ||    13
         Trog's Hand       |       |     1 |       |     2 ||     3
Ability: Begin Untransform |       |       |       |     1 ||     1
  Evoke: Wand              |       |       |       |     4 ||     4
    Use: Scroll            |       |       |     9 |       ||     9
   Stab: Sleeping          |     4 |     6 |    10 |     3 ||    23
         Distracted        |       |       |     1 |     1 ||     2
 Armour: Skin              |    25 |    16 |   119 |    55 ||   215
  Dodge: Dodged            |    30 |    25 |   190 |   125 ||   370
   Form: Beast             |       |       |       |     1 ||     1

Table legend: (Time is in decaauts)
 A = Elapsed time spent in this place.
 B = Non-inter-level travel time spent in this place.
 C = Inter-level travel time spent in this place.
 D = Time resting spent in this place.
 E = Time spent auto-exploring this place.
 F = Levels seen in this place.
 G = Mean time per level.
                   A        B        C        D        E       F      G
               +--------+--------+--------+--------+--------+-----+--------+
         Total |   9768 |   9049 |    719 |    807 |   5902 |  12 |  814.0 |
       Dungeon |   9113 |   8394 |    719 |    750 |   5729 |  10 |  911.3 |
         Sewer |    442 |    442 |      0 |     56 |    169 |   1 |  442.0 |
       Ossuary |    211 |    211 |      0 |      0 |      4 |   1 |  211.0 |
               +--------+--------+--------+--------+--------+-----+--------+

Top non-repeatable levels by time:
     D:8: 1924 daAuts
     D:2: 1165 daAuts
     D:9: 1116 daAuts
     D:5: 836 daAuts
     D:6: 800 daAuts
     D:3: 778 daAuts
     D:1: 701 daAuts
    D:10: 659 daAuts
     D:4: 631 daAuts
     D:7: 499 daAuts
   Sewer: 442 daAuts
 Ossuary: 211 daAuts
